 Seeded DCSS version 0.28.0-62-gf88900778d (webtiles) character file.

Game seed: 18446744073709551615 (custom seed)

19 Mickster the Chopper (level 2, -4/27 HPs)
             Began as a Hill Orc Berserker on Apr 22, 2023.
             Was a Follower of Trog.
             Killed from afar by Sigmund (15 damage)
             ... with a puff of flame
             ... on level 2 of the Dungeon.
             The game lasted 00:04:28 (751 turns).

Mickster the Chopper (Hill Orc Berserker)            Turns: 751, Time: 00:04:28

Health: -4/27      AC:  2    Str: 19    XL:     2   Next: 75%
Magic:  2/2        EV: 11    Int:  7    God:    Trog [*.....]
Gold:   20         SH:  0    Dex: 10    Spells: 1/1 levels left

rFire   x . .      SeeInvis .   a - +0 hand axe
rCold   + . .      Faith    .   (no shield)
rNeg    . . .      Spirit   .   b - +0 animal skin
rPois   .          Reflect  .   (no helmet)
rElec   .          Harm     .   (no cloak)
rCorr   .          Rampage  .   (no gloves)
Will    .....                   (no boots)
Stlth   +.........              (no amulet)
HPRegen 0.09/turn               d - ring of ice
MPRegen 0.08/turn               (no ring)

@: confused
A: no striking features
a: Renounce Religion, Berserk


You were on level 2 of the Dungeon.
You worshipped Trog.
Trog was aware of your devotion.
You visited 1 branch of the dungeon, and saw 2 of its levels.

You collected 20 gold pieces.

Inventory:

Hand Weapons
 a - a +0 hand axe (weapon)
Missiles
 c - 45 stones (quivered)
Armour
 b - a +0 animal skin (worn)
Jewellery
 d - a ring of ice (left hand)
Potions
 e - 2 potions of haste {unknown}
 f - a potion of degeneration {unknown}


   Skills:
 + Level 4.0 Fighting
 * Level 4.7 Axes
 + Level 2.4 Armour
 + Level 1.5 Dodging


You had one spell level left.
You didn't know any spells.
Your spell library was empty.

Dungeon Overview and Level Annotations

Branches:
Dungeon (2/15)

Altars:

Annotations:
D:2 Sigmund


Message History

Trog accepts your kill.
You see here a giant cockroach corpse.
e - 2 red potions A kobold comes into view.
It is wielding a +0 short sword.
Found a viscous red potion.
Found a stone staircase leading down.
The kobold shouts!
You hit the kobold.
You kill the kobold!
Trog accepts your kill.
c - 26 stones (gained 14)
You now have 20 gold pieces (gained 11).
Things that are here:
a +0 short sword; a +0 leather armour; a kobold corpse
f - a viscous red potion
Found 19 stones.
c - 45 stones (gained 19) Sigmund the Dreaded comes into view.
He is wielding a +0 scythe.
Sigmund shouts!
Sigmund points at you and mumbles some strange words.
The magic dart hits you. Sigmund gestures at you while chanting.
You are confused.
You bump into the rock wall.
You bump into the rock wall.
Sigmund hits you from afar with a +0 scythe!
Sigmund casts a spell at you. The puff of flame hits you.
The fire burns you terribly!
You feel less confused. Sigmund misses you. Sigmund casts a spell at you.
You are confused.
A worm comes into view.
Sigmund points at you and mumbles some strange words.
You are more confused.
Found a stone staircase leading up.
Sigmund casts a spell at you. The puff of flame hits you!
The fire burns you terribly!
Ouch! That really hurt!
You die...

.......## ......<...#
#..........# . .........#
.# .........## ###.#
..........# ###...#
...w......#
....#####.......@.## .
.......####........##...
.#####......#....#..#...
.# ##.....#....##..... .#
#.....##.......... ##
#....###...@#.##.. #
#..........#........
#######.†.................
#....†..........#........


You could see Sigmund and a worm.

Vanquished Creatures
  An adder (D:2)
  2 ball pythons (D:2)
  3 endoplasms
  A giant cockroach (D:2)
  2 kobolds (D:2)
9 creatures vanquished.

Notes
Turn   | Place    | Note
-------+----------+-------------------------------------------
     0 | D:1      | Mickster the Hill Orc Berserker began the quest for the
                  | Orb.
     0 | D:1      | Reached XP level 1. HP: 19/19 MP: 1/1
   233 | D:2      | Reached XP level 2. HP: 14/27 MP: 2/2
   736 | D:2      | Noticed Sigmund
   751 | D:2      | Killed from afar by Sigmund

Illustrated notes

Levels and vault maps discovered:
D:1:      matt_arrival_refuge, layout_basic, ebering_ecumenical_altar_hall
D:2:      layout_rooms, uniq_sigmund

Skill      XL: |  1 |
---------------+----+-----
Fighting       | 4 |  4.0
Axes           | |  4.7
Armour         | |  2.4
Dodging        | |  1.5

Action                   || total
-------------------------++-------
Melee: Hand axe          ||    21
Invok: Berserk           ||     1
Armor: Animal skin       ||     3
Dodge: Dodged            ||     7
